[ AOE2 MATCH · #461412407 ]
Team RMMongols vs Sicilians
[ REPLAY ANALYSIS · EXTRACTED FROM THE RECORDED GAME ]
Feudal
10:13
Castle
17:28
Imperial
33:45
| APM avg | 23.5 |
| APM peak | 90 |
| eAPM avg | 12.6 |
| Villagers / military | 114 / 465 |
Focus
⚔️ 34.9% · 🌾 65.1%
Scout Cavalry ×330 · Spearman ×45 · Mangudai ×43 · Mangonel ×35 · Trade Cart ×16 · Battering Ram ×9
Feudal
13:07
Castle
21:25
Imperial
31:33
| APM avg | 11.9 |
| APM peak | 47 |
| eAPM avg | 9.5 |
| Villagers / military | 88 / 271 |
Focus
⚔️ 49.4% · 🌾 50.6%
Ballista Elephant ×148 · Scout Cavalry ×76 · Knight ×44 · Trade Cart ×23 · Trebuchet (Packed) ×3
Feudal
11:41
Castle
30:17
Imperial
43:51
| APM avg | 23.9 |
| APM peak | 80 |
| eAPM avg | 9.7 |
| Villagers / military | 103 / 181 |
Focus
⚔️ 30.7% · 🌾 69.3%
Kipchak ×93 · Mangonel ×52 · Unknown (1260) ×20 · Spearman ×17 · Trade Cart ×10 · Scout Cavalry ×9
Feudal
14:50
Castle
27:15
Imperial
41:08
| APM avg | 13.3 |
| APM peak | 39 |
| eAPM avg | 7.0 |
| Villagers / military | 57 / 149 |
Focus
⚔️ 23.6% · 🌾 76.4%
Ballista Elephant ×144 · Trade Cart ×19 · Unknown (1260) ×10 · Trebuchet (Packed) ×5
Feudal
11:10
Castle
19:32
Imperial
35:41
| APM avg | 10.5 |
| APM peak | 49 |
| eAPM avg | 8.2 |
| Villagers / military | 114 / 305 |
Focus
⚔️ 40.1% · 🌾 59.9%
Knight ×265 · Throwing Axeman ×30 · Trade Cart ×28 · Bombard Cannon ×6 · Trebuchet (Packed) ×3 · Monk ×1
Feudal
12:20
Castle
16:36
Imperial
36:54
| APM avg | 14.1 |
| APM peak | 42 |
| eAPM avg | 10.5 |
| Villagers / military | 146 / 398 |
Focus
⚔️ 35.4% · 🌾 64.6%
Skirmisher ×165 · Spearman ×136 · Battle Elephant ×97 · Unknown (1260) ×30 · Trade Cart ×28
Feudal
—
Castle
—
Imperial
—
| APM avg | 9.8 |
| APM peak | 69 |
| eAPM avg | 5.5 |
| Villagers / military | 87 / 375 |
Focus
⚔️ 32.0% · 🌾 68.0%
Monaspa ×364 · Trade Cart ×31 · Spearman ×10 · Monk ×1
Feudal
—
Castle
—
Imperial
—
| APM avg | 8.3 |
| APM peak | 26 |
| eAPM avg | 6.3 |
| Villagers / military | 61 / 80 |
Focus
⚔️ 32.0% · 🌾 68.0%
Serjeant ×50 · Mangonel ×27 · Trade Cart ×19 · Battering Ram ×3
Match map
Initial resources + every placement click. Lines = walls · curves = elevation contours. ◆ gold · ⬟ stone · ● berries · ✦ relic · ◌ wall gap
Inputs per minute
— alex02052013 - - K4T#1
Build order — alex02052013
First 150 of 377 actions detected
| 0:04 | Build | House |
| 0:05 | Build | House |
| 0:07 | Create | Villager (Male) ×4 |
| 1:43 | Create | Villager (Male) |
| 2:06 | Build | Lumber Camp |
| 2:10 | Create | Villager (Male) |
| 2:31 | Create | Villager (Male) |
| 2:53 | Create | Villager (Male) |
| 3:07 | Create | Villager (Male) |
| 3:49 | Create | Villager (Male) |
| 4:07 | Create | Villager (Male) |
| 4:22 | Build | House |
| 4:24 | Build | House |
| 4:42 | Research | Loom |
| 4:50 | Build | Mill |
| 5:08 | Create | Villager (Male) |
| 5:08 | Create | Villager (Male) |
| 5:09 | Create | Villager (Male) |
| 5:39 | Create | Villager (Male) |
| 6:20 | Create | Villager (Male) |
| 6:20 | Create | Villager (Male) |
| 6:21 | Create | Villager (Male) |
| 8:03 | Research | Feudal Age |
| 8:13 | Build | Mining Camp |
| 9:08 | Build | House |
| 9:12 | Build | House |
| 10:06 | Create | Villager (Male) |
| 10:07 | Create | Villager (Male) |
| 10:07 | Create | Villager (Male) |
| 10:07 | Create | Villager (Male) |
| 10:08 | Create | Villager (Male) |
| 10:13 | Age | Feudal Age |
| 10:25 | Build | Mill |
| 10:43 | Build | Lumber Camp |
| 11:36 | Research | Double-Bit Axe |
| 11:50 | Create | Villager (Male) |
| 12:20 | Create | Villager (Male) |
| 12:21 | Create | Villager (Male) |
| 12:35 | Build | Blacksmith |
| 13:29 | Build | Market |
| 13:33 | Create | Villager (Male) |
| 13:34 | Create | Villager (Male) |
| 13:40 | Build | Mining Camp |
| 13:46 | Create | Villager (Male) |
| 14:43 | Research | Castle Age |
| 15:11 | Build | Farm |
| 15:12 | Build | Farm |
| 15:13 | Build | Farm |
| 15:18 | Build | Farm |
| 15:51 | Build | Farm |
| 16:07 | Build | Farm |
| 16:23 | Build | Farm |
| 16:24 | Build | Farm |
| 16:26 | Build | Farm |
| 16:55 | Build | House |
| 16:56 | Build | House |
| 16:57 | Build | House |
| 16:58 | Build | House |
| 17:05 | Research | Horse Collar |
| 17:11 | Build | Farm |
| 17:12 | Build | Farm |
| 17:13 | Build | Farm |
| 17:14 | Build | Farm |
| 17:20 | Create | Villager (Male) |
| 17:20 | Create | Villager (Male) |
| 17:21 | Create | Villager (Male) |
| 17:28 | Age | Castle Age |
| 17:38 | Build | House |
| 17:39 | Build | House |
| 17:41 | Build | House |
| 18:01 | Build | Town Center |
| 18:06 | Create | Villager (Male) |
| 18:12 | Create | Villager (Male) |
| 18:54 | Create | Villager (Male) |
| 19:14 | Build | Palisade Wall |
| 19:33 | Create | Villager (Male) |
| 19:39 | Build | Town Center |
| 19:43 | Create | Villager (Male) |
| 19:43 | Create | Villager (Male) |
| 20:07 | Build | Lumber Camp |
| 20:10 | Create | Villager (Male) |
| 20:10 | Create | Villager (Male) |
| 20:10 | Create | Villager (Male) |
| 20:14 | Create | Villager (Male) |
| 20:52 | Create | Villager (Male) |
| 20:52 | Create | Villager (Male) |
| 21:04 | Research | Heavy Plow |
| 21:08 | Research | Bow Saw |
| 21:27 | Create | Villager (Male) |
| 21:33 | Build | Farm |
| 21:35 | Build | Farm |
| 21:36 | Build | Farm |
| 21:44 | Create | Villager (Male) ×5 |
| 22:07 | Build | Farm |
| 22:14 | Create | Villager (Male) ×5 |
| 22:24 | Build | Farm |
| 22:33 | Create | Villager (Male) ×5 |
| 22:40 | Build | Farm |
| 22:47 | Build | Farm |
| 22:55 | Create | Villager (Male) |
| 22:55 | Create | Villager (Male) |
| 22:55 | Create | Villager (Male) |
| 23:04 | Build | Farm |
| 23:13 | Build | Farm |
| 23:28 | Build | Monastery |
| 23:37 | Build | Farm |
| 23:43 | Build | Farm |
| 23:53 | Build | Castle |
| 24:00 | Create | Villager (Male) ×5 |
| 24:05 | Build | House |
| 24:07 | Build | House |
| 24:07 | Build | House |
| 24:08 | Build | House |
| 24:10 | Build | House |
| 24:11 | Build | House |
| 24:22 | Create | Villager (Male) ×5 |
| 24:37 | Build | Farm |
| 24:37 | Build | Farm |
| 24:45 | Build | Farm |
| 24:49 | Build | Farm |
| 25:01 | Build | Farm |
| 25:11 | Create | Villager (Male) ×5 |
| 25:16 | Build | Farm |
| 25:29 | Create | Monk |
| 25:45 | Build | Mining Camp |
| 25:46 | Build | Mining Camp |
| 26:05 | Build | Farm |
| 26:10 | Build | Farm |
| 26:11 | Build | Farm |
| 26:12 | Build | Farm |
| 26:23 | Create | Villager (Male) ×5 |
| 26:25 | Create | Villager (Male) ×5 |
| 26:31 | Build | House |
| 26:32 | Build | House |
| 26:33 | Build | House |
| 26:34 | Build | House |
| 26:35 | Build | House |
| 26:36 | Build | House |
| 26:37 | Build | House |
| 26:37 | Build | House |
| 26:43 | Create | Mangudai |
| 26:43 | Create | Mangudai |
| 26:44 | Create | Mangudai |
| 26:48 | Create | Mangudai |
| 26:59 | Create | Villager (Male) ×5 |
| 27:04 | Build | Farm |
| 27:06 | Build | Farm |
| 27:07 | Build | Farm |
| 27:07 | Build | Farm |
| 27:22 | Create | Villager (Male) ×5 |
Build order — K4T#1
First 150 of 522 actions detected
| 0:21 | Create | Villager (Male) |
| 0:21 | Create | Villager (Male) |
| 0:21 | Create | Villager (Male) |
| 0:21 | Create | Villager (Male) |
| 0:22 | Create | Villager (Male) |
| 0:30 | Build | House |
| 0:31 | Build | House |
| 0:32 | Build | House |
| 2:19 | Create | Villager (Male) |
| 2:44 | Create | Villager (Male) |
| 3:27 | Create | Villager (Male) |
| 4:11 | Build | Lumber Camp |
| 4:14 | Create | Villager (Male) |
| 4:21 | Create | Villager (Male) |
| 4:30 | Create | Villager (Male) |
| 4:48 | Build | Mill |
| 4:57 | Create | Villager (Male) |
| 5:47 | Build | Mining Camp |
| 5:53 | Create | Villager (Male) |
| 5:53 | Create | Villager (Male) |
| 6:20 | Create | Villager (Male) |
| 6:46 | Create | Villager (Male) |
| 6:58 | Build | Mining Camp |
| 7:04 | Create | Villager (Male) |
| 7:20 | Create | Villager (Male) |
| 8:10 | Build | House |
| 8:11 | Build | House |
| 8:18 | Build | Farm |
| 9:11 | Build | Farm |
| 9:51 | Build | Farm |
| 10:57 | Research | Feudal Age |
| 11:30 | Create | Villager (Male) |
| 12:27 | Create | Villager (Male) |
| 12:27 | Create | Villager (Male) |
| 12:28 | Create | Villager (Male) |
| 13:02 | Create | Villager (Male) |
| 13:07 | Age | Feudal Age |
| 13:13 | Create | Villager (Male) |
| 13:13 | Create | Villager (Male) |
| 13:30 | Create | Villager (Male) |
| 13:53 | Create | Villager (Male) |
| 14:08 | Research | Double-Bit Axe |
| 15:19 | Build | House |
| 15:20 | Build | House |
| 16:43 | Build | Farm |
| 17:09 | Build | Farm |
| 17:11 | Build | Farm |
| 17:12 | Build | Farm |
| 17:14 | Build | Farm |
| 17:17 | Build | Farm |
| 17:19 | Build | Farm |
| 17:20 | Build | Farm |
| 17:24 | Build | Farm |
| 17:25 | Build | Farm |
| 17:27 | Build | Farm |
| 17:29 | Build | Farm |
| 17:34 | Create | Villager (Male) |
| 17:35 | Create | Villager (Male) |
| 17:57 | Build | Farm |
| 18:27 | Build | Blacksmith |
| 18:45 | Research | Castle Age |
| 18:52 | Research | Horse Collar |
| 19:49 | Build | Market |
| 20:07 | Create | Villager (Male) |
| 20:08 | Create | Villager (Male) |
| 20:08 | Create | Villager (Male) |
| 20:09 | Create | Villager (Male) |
| 20:09 | Create | Villager (Male) |
| 21:20 | Create | Villager (Male) |
| 21:21 | Create | Villager (Male) |
| 21:21 | Create | Villager (Male) |
| 21:25 | Age | Castle Age |
| 21:58 | Build | Town Center |
| 22:04 | Create | Villager (Male) |
| 22:04 | Create | Villager (Male) |
| 22:07 | Research | Bow Saw |
| 22:34 | Create | Villager (Male) |
| 22:40 | Research | Heavy Plow |
| 22:59 | Research | Stone Mining |
| 23:02 | Research | Gold Mining |
| 23:20 | Build | House |
| 23:21 | Build | House |
| 23:22 | Build | House |
| 23:23 | Build | House |
| 23:24 | Build | House |
| 23:27 | Build | House |
| 24:03 | Build | Castle |
| 24:25 | Build | Farm |
| 24:35 | Create | Villager (Male) |
| 24:35 | Create | Villager (Male) |
| 24:36 | Create | Villager (Male) |
| 24:36 | Create | Villager (Male) |
| 24:53 | Build | Farm |
| 25:36 | Research | Forging |
| 25:36 | Research | Fletching |
| 25:37 | Research | Scale Mail Armor |
| 25:38 | Research | Padded Archer Armor |
| 25:38 | Research | Scale Barding Armor |
| 25:45 | Build | Farm |
| 26:07 | Build | Farm |
| 26:25 | Create | Villager (Male) |
| 26:25 | Create | Villager (Male) |
| 26:28 | Create | Villager (Male) |
| 26:28 | Create | Villager (Male) |
| 26:30 | Create | Villager (Male) |
| 27:14 | Build | Farm |
| 27:21 | Build | Mining Camp |
| 27:26 | Build | Farm |
| 27:49 | Build | Farm |
| 28:08 | Create | Trade Cart |
| 28:08 | Create | Trade Cart |
| 28:09 | Create | Trade Cart |
| 28:10 | Create | Trade Cart |
| 28:23 | Research | Imperial Age |
| 28:28 | Create | Villager (Male) |
| 28:29 | Create | Villager (Male) |
| 29:03 | Build | Farm |
| 29:34 | Build | Farm |
| 29:47 | Create | Villager (Male) |
| 29:48 | Create | Villager (Male) |
| 29:48 | Create | Villager (Male) |
| 29:48 | Create | Villager (Male) |
| 29:48 | Create | Villager (Male) |
| 29:49 | Create | Villager (Male) |
| 30:34 | Build | House |
| 30:36 | Build | House |
| 30:38 | Build | House |
| 30:40 | Build | House |
| 30:41 | Build | House |
| 30:43 | Build | House |
| 30:57 | Build | University |
| 31:33 | Age | Imperial Age |
| 31:34 | Create | Villager (Male) |
| 31:34 | Create | Villager (Male) |
| 31:34 | Create | Villager (Male) |
| 31:34 | Create | Villager (Male) |
| 31:40 | Build | Farm |
| 32:08 | Build | Lumber Camp |
| 32:14 | Research | Heated Shot |
| 32:15 | Research | Chemistry |
| 32:37 | Create | Villager (Male) |
| 32:37 | Create | Villager (Male) |
| 32:38 | Create | Villager (Male) |
| 32:38 | Create | Villager (Male) |
| 33:19 | Research | Conscription |
| 33:20 | Research | Double Crossbow |
| 33:21 | Research | Tusk Swords |
| 34:07 | Create | Villager (Male) |
| 34:07 | Create | Villager (Male) |
| 34:08 | Create | Villager (Male) |
Build order — Frenzy
First 150 of 343 actions detected
| 0:10 | Build | House |
| 0:17 | Create | Villager (Male) |
| 0:17 | Create | Villager (Male) |
| 0:17 | Create | Villager (Male) |
| 0:18 | Create | Villager (Male) |
| 0:18 | Create | Villager (Male) |
| 0:32 | Build | House |
| 0:33 | Build | House |
| 0:34 | Build | House |
| 1:44 | Create | Villager (Male) |
| 2:45 | Create | Villager (Male) |
| 2:46 | Create | Villager (Male) |
| 2:46 | Create | Villager (Male) |
| 3:24 | Create | Villager (Male) |
| 3:24 | Create | Villager (Male) |
| 3:56 | Create | Villager (Male) |
| 4:26 | Create | Villager (Male) |
| 4:57 | Research | Loom |
| 5:49 | Create | Villager (Male) |
| 5:49 | Create | Villager (Male) |
| 5:49 | Create | Villager (Male) |
| 5:51 | Create | Villager (Male) |
| 5:52 | Create | Villager (Male) |
| 5:53 | Create | Villager (Male) |
| 5:56 | Create | Villager (Male) |
| 7:57 | Build | Lumber Camp |
| 8:36 | Build | Mill |
| 9:31 | Research | Feudal Age |
| 10:21 | Build | House |
| 10:28 | Build | House |
| 10:32 | Build | House |
| 11:08 | Build | Mining Camp |
| 11:25 | Create | Villager (Male) |
| 11:26 | Create | Villager (Male) |
| 11:26 | Create | Villager (Male) |
| 11:28 | Create | Villager (Male) |
| 11:41 | Age | Feudal Age |
| 11:44 | Research | Horse Collar |
| 11:52 | Create | Villager (Male) |
| 11:52 | Create | Villager (Male) |
| 11:59 | Research | Double-Bit Axe |
| 12:46 | Research | Wheelbarrow |
| 13:02 | Research | Town Watch |
| 13:06 | Build | Barracks |
| 14:27 | Build | Stable |
| 14:32 | Build | Stable |
| 14:38 | Research | Man-at-Arms (upgrade) |
| 14:47 | Build | Blacksmith |
| 15:11 | Research | Gold Mining |
| 15:56 | Build | Siege Workshop |
| 15:59 | Build | Siege Workshop |
| 16:03 | Create | Villager (Male) |
| 16:04 | Create | Villager (Male) |
| 16:04 | Create | Villager (Male) |
| 16:04 | Create | Villager (Male) |
| 16:42 | Build | Farm |
| 16:42 | Build | Farm |
| 16:42 | Build | Farm |
| 16:48 | Build | Farm |
| 16:48 | Build | Farm |
| 16:52 | Build | Farm |
| 16:57 | Build | Farm |
| 16:59 | Build | Farm |
| 17:15 | Build | Farm |
| 17:27 | Build | Farm |
| 17:31 | Create | Villager (Male) |
| 17:51 | Build | Farm |
| 17:55 | Create | Villager (Male) |
| 18:15 | Build | Market |
| 18:23 | Build | House |
| 18:27 | Build | House |
| 18:36 | Build | Farm |
| 19:10 | Build | Lumber Camp |
| 19:23 | Build | House |
| 19:24 | Research | Scale Barding Armor |
| 19:46 | Build | Siege Workshop |
| 19:52 | Create | Scout Cavalry ×2 |
| 19:59 | Build | Farm |
| 20:06 | Research | Arson |
| 20:49 | Build | Siege Workshop |
| 20:54 | Create | Villager (Male) |
| 20:54 | Create | Villager (Male) |
| 20:54 | Create | Villager (Male) |
| 21:00 | Build | Lumber Camp |
| 21:38 | Build | Palisade Wall |
| 22:20 | Build | Palisade Wall |
| 22:28 | Build | Palisade Gate |
| 22:35 | Create | Villager (Male) |
| 22:35 | Create | Villager (Male) |
| 22:42 | Research | Stone Mining |
| 22:45 | Create | Scout Cavalry |
| 22:45 | Create | Scout Cavalry |
| 23:05 | Create | Villager (Male) |
| 23:05 | Create | Villager (Male) |
| 23:22 | Build | House |
| 23:25 | Build | House |
| 23:28 | Build | House |
| 23:30 | Build | House |
| 23:34 | Build | House |
| 23:36 | Build | House |
| 23:41 | Build | Farm |
| 23:53 | Build | Farm |
| 23:57 | Build | Farm |
| 23:58 | Build | Farm |
| 23:58 | Build | Farm |
| 24:00 | Build | Farm |
| 24:04 | Create | Villager (Male) |
| 24:04 | Create | Villager (Male) |
| 24:05 | Create | Villager (Male) |
| 24:45 | Build | Palisade Wall |
| 24:59 | Build | Farm |
| 25:35 | Build | Mining Camp |
| 25:42 | Create | Villager (Male) |
| 25:42 | Create | Villager (Male) |
| 25:42 | Create | Villager (Male) |
| 25:43 | Create | Villager (Male) |
| 25:59 | Create | Scout Cavalry ×5 |
| 27:01 | Build | Lumber Camp |
| 27:12 | Build | Town Center |
| 27:37 | Research | Castle Age |
| 27:45 | Build | Barracks |
| 27:53 | Build | Barracks |
| 27:55 | Build | Barracks |
| 29:42 | Create | Villager (Male) |
| 29:42 | Create | Villager (Male) |
| 29:42 | Create | Villager (Male) |
| 29:42 | Create | Villager (Male) |
| 30:17 | Age | Castle Age |
| 30:20 | Build | House |
| 30:21 | Build | House |
| 30:25 | Research | Bloodlines |
| 30:31 | Research | Chain Barding Armor |
| 31:27 | Build | House |
| 31:30 | Research | Long Swordsman (upgrade) |
| 31:34 | Build | House |
| 31:36 | Research | Squires |
| 31:40 | Research | Pikeman (upgrade) |
| 31:42 | Research | Scale Mail Armor |
| 31:45 | Research | Heavy Plow |
| 31:55 | Create | Villager (Male) |
| 31:55 | Create | Villager (Male) |
| 31:55 | Create | Villager (Male) |
| 32:01 | Create | Villager (Male) |
| 32:01 | Create | Villager (Male) |
| 32:14 | Build | Farm |
| 32:14 | Build | Farm |
| 32:15 | Build | Farm |
| 32:16 | Build | Farm |
| 32:22 | Build | Farm |
| 32:22 | Build | Farm |
Build order — gozth1000
First 150 of 248 actions detected
| 0:05 | Build | House |
| 0:06 | Build | House |
| 0:07 | Build | House |
| 0:09 | Build | House |
| 0:29 | Create | Villager (Male) |
| 0:29 | Create | Villager (Male) |
| 0:30 | Create | Villager (Male) |
| 0:30 | Create | Villager (Male) |
| 0:30 | Create | Villager (Male) |
| 0:31 | Research | Loom |
| 1:57 | Create | Villager (Male) |
| 1:57 | Create | Villager (Male) |
| 2:42 | Create | Villager (Male) |
| 2:42 | Create | Villager (Male) |
| 3:25 | Create | Villager (Male) |
| 3:51 | Create | Villager (Male) |
| 4:47 | Create | Villager (Male) |
| 5:29 | Create | Villager (Male) |
| 5:30 | Create | Villager (Male) |
| 6:46 | Build | Lumber Camp |
| 6:57 | Create | Villager (Male) |
| 6:58 | Create | Villager (Male) |
| 6:58 | Create | Villager (Male) |
| 6:58 | Create | Villager (Male) |
| 6:59 | Create | Villager (Male) |
| 6:59 | Create | Villager (Male) |
| 10:24 | Create | Villager (Male) |
| 10:24 | Create | Villager (Male) |
| 10:25 | Create | Villager (Male) |
| 10:30 | Create | Villager (Male) |
| 10:35 | Create | Villager (Male) |
| 10:53 | Build | House |
| 10:55 | Build | House |
| 11:36 | Build | Mining Camp |
| 12:40 | Research | Feudal Age |
| 13:07 | Build | Mill |
| 14:17 | Create | Villager (Male) |
| 14:18 | Create | Villager (Male) |
| 14:19 | Create | Villager (Male) |
| 14:50 | Age | Feudal Age |
| 15:08 | Research | Horse Collar |
| 15:13 | Research | Double-Bit Axe |
| 15:18 | Research | Gold Mining |
| 15:45 | Build | Lumber Camp |
| 16:55 | Create | Villager (Male) |
| 16:55 | Create | Villager (Male) |
| 16:55 | Create | Villager (Male) |
| 16:56 | Create | Villager (Male) |
| 16:56 | Create | Villager (Male) |
| 16:57 | Create | Villager (Male) |
| 17:39 | Build | Farm |
| 17:47 | Build | Farm |
| 18:12 | Build | Farm |
| 18:39 | Build | Farm |
| 19:08 | Build | House |
| 19:10 | Build | House |
| 19:11 | Build | House |
| 19:13 | Build | House |
| 19:16 | Build | House |
| 19:17 | Build | House |
| 19:43 | Build | Farm |
| 19:43 | Build | Farm |
| 19:44 | Build | Farm |
| 19:45 | Build | Farm |
| 19:45 | Build | Farm |
| 19:46 | Build | Farm |
| 19:47 | Build | Farm |
| 19:47 | Build | Farm |
| 19:48 | Build | Farm |
| 19:49 | Build | Farm |
| 20:00 | Create | Villager (Male) |
| 20:00 | Create | Villager (Male) |
| 20:40 | Build | Mining Camp |
| 20:45 | Create | Villager (Male) |
| 20:46 | Create | Villager (Male) |
| 20:46 | Create | Villager (Male) |
| 20:46 | Create | Villager (Male) |
| 20:47 | Create | Villager (Male) |
| 20:51 | Create | Villager (Male) |
| 21:27 | Research | Wheelbarrow |
| 22:13 | Build | House |
| 22:14 | Build | House |
| 22:15 | Build | House |
| 22:19 | Build | House |
| 22:21 | Build | House |
| 22:22 | Build | House |
| 22:24 | Build | House |
| 22:26 | Build | House |
| 22:30 | Build | House |
| 22:33 | Build | House |
| 22:37 | Build | House |
| 23:07 | Research | Castle Age |
| 23:35 | Build | Blacksmith |
| 23:36 | Build | Blacksmith |
| 23:37 | Build | Blacksmith |
| 23:47 | Build | Lumber Camp |
| 24:18 | Research | Stone Mining |
| 25:01 | Build | Market |
| 25:03 | Build | Market |
| 25:05 | Build | Market |
| 25:22 | Create | Villager (Male) |
| 26:23 | Create | Villager (Male) |
| 26:24 | Create | Villager (Male) |
| 26:24 | Create | Villager (Male) |
| 26:49 | Research | Forging |
| 26:52 | Research | Scale Mail Armor |
| 27:06 | Research | Scale Barding Armor |
| 27:09 | Research | Fletching |
| 27:11 | Research | Padded Archer Armor |
| 27:15 | Age | Castle Age |
| 27:28 | Create | Trade Cart |
| 27:28 | Create | Trade Cart |
| 27:28 | Create | Trade Cart |
| 27:29 | Create | Trade Cart |
| 27:29 | Create | Trade Cart |
| 27:29 | Create | Trade Cart |
| 27:31 | Create | Trade Cart |
| 27:31 | Create | Trade Cart |
| 27:37 | Create | Trade Cart |
| 27:55 | Research | Gold Shaft Mining |
| 27:56 | Research | Stone Shaft Mining |
| 28:10 | Build | Town Center |
| 28:31 | Research | Caravan |
| 28:51 | Build | Castle |
| 29:24 | Build | Castle |
| 30:08 | Build | Farm |
| 30:13 | Research | Heavy Plow |
| 30:16 | Research | Bow Saw |
| 30:27 | Build | Lumber Camp |
| 30:52 | Build | Farm |
| 30:55 | Create | Villager (Male) |
| 30:56 | Create | Villager (Male) |
| 30:59 | Research | Hand Cart |
| 30:59 | Create | Villager (Male) |
| 31:00 | Create | Villager (Male) |
| 32:07 | Build | Farm |
| 32:08 | Build | Farm |
| 32:10 | Build | Farm |
| 32:14 | Build | Farm |
| 32:16 | Build | Farm |
| 32:18 | Build | Farm |
| 32:20 | Build | Farm |
| 32:25 | Build | Farm |
| 32:35 | Create | Ballista Elephant |
| 32:36 | Create | Ballista Elephant |
| 32:36 | Create | Ballista Elephant |
| 32:37 | Create | Ballista Elephant |
| 32:37 | Create | Ballista Elephant |
| 32:37 | Create | Ballista Elephant |
| 32:38 | Create | Ballista Elephant |
Build order — SYPlay
First 150 of 376 actions detected
| 0:02 | Create | Villager (Male) ×4 |
| 0:04 | Build | House |
| 0:05 | Build | House |
| 1:29 | Create | Villager (Male) |
| 1:30 | Create | Villager (Male) |
| 2:05 | Build | Lumber Camp |
| 2:08 | Create | Villager (Male) |
| 2:09 | Create | Villager (Male) |
| 2:30 | Create | Villager (Male) |
| 2:31 | Research | Loom |
| 2:36 | Create | Villager (Male) |
| 3:25 | Create | Villager (Male) |
| 3:37 | Build | House |
| 3:55 | Build | Mill |
| 3:59 | Create | Villager (Male) |
| 3:59 | Create | Villager (Male) |
| 4:20 | Create | Villager (Male) |
| 4:47 | Create | Villager (Male) |
| 5:38 | Create | Villager (Male) |
| 5:42 | Research | Loom |
| 6:11 | Create | Villager (Male) |
| 6:11 | Create | Villager (Male) |
| 6:18 | Build | House |
| 6:21 | Build | House |
| 7:04 | Create | Villager (Male) |
| 7:04 | Create | Villager (Male) |
| 7:04 | Create | Villager (Male) |
| 7:55 | Build | Lumber Camp |
| 7:59 | Create | Villager (Male) |
| 7:59 | Create | Villager (Male) |
| 9:00 | Research | Feudal Age |
| 9:21 | Build | House |
| 9:23 | Build | House |
| 9:24 | Build | House |
| 9:26 | Build | House |
| 9:27 | Build | House |
| 9:29 | Build | House |
| 9:30 | Build | House |
| 10:17 | Create | Villager (Male) ×5 |
| 10:50 | Build | House |
| 10:52 | Build | House |
| 10:54 | Build | House |
| 10:55 | Build | House |
| 10:57 | Build | House |
| 10:59 | Build | House |
| 11:02 | Build | House |
| 11:04 | Build | House |
| 11:07 | Build | House |
| 11:09 | Build | House |
| 11:10 | Age | Feudal Age |
| 11:11 | Build | House |
| 11:32 | Research | Double-Bit Axe |
| 11:56 | Build | Mining Camp |
| 12:21 | Build | Farm |
| 12:22 | Build | Farm |
| 12:24 | Build | Farm |
| 12:26 | Build | Farm |
| 12:45 | Build | Farm |
| 13:46 | Build | Market |
| 14:30 | Build | Farm |
| 14:31 | Build | Farm |
| 14:34 | Build | Farm |
| 14:47 | Create | Villager (Male) ×5 |
| 14:49 | Build | Farm |
| 15:16 | Build | Blacksmith |
| 15:18 | Build | House |
| 15:45 | Build | Mining Camp |
| 16:03 | Research | Castle Age |
| 16:21 | Build | House |
| 16:22 | Build | House |
| 16:25 | Build | House |
| 16:26 | Build | House |
| 16:28 | Build | House |
| 16:36 | Build | Stone Wall |
| 16:43 | Build | Stone Wall |
| 16:44 | Build | Stone Wall |
| 16:46 | Build | Stone Wall |
| 16:50 | Build | Stone Wall |
| 16:58 | Build | Stone Wall |
| 17:04 | Build | Stone Wall |
| 17:07 | Build | Stone Wall |
| 17:13 | Research | Stone Mining |
| 17:14 | Research | Gold Mining |
| 18:50 | Build | House |
| 18:51 | Build | House |
| 19:00 | Build | House |
| 19:02 | Build | House |
| 19:05 | Build | House |
| 19:08 | Build | House |
| 19:10 | Build | House |
| 19:12 | Build | House |
| 19:14 | Build | House |
| 19:16 | Build | House |
| 19:32 | Age | Castle Age |
| 19:36 | Build | Town Center |
| 20:03 | Build | Town Center |
| 20:23 | Research | Wheelbarrow |
| 20:26 | Research | Bow Saw |
| 20:39 | Create | Villager (Male) |
| 20:52 | Create | Villager (Male) ×3 |
| 21:04 | Create | Villager (Male) |
| 21:05 | Create | Villager (Male) |
| 21:51 | Create | Villager (Male) |
| 21:52 | Create | Villager (Male) |
| 21:52 | Create | Villager (Male) |
| 21:58 | Build | Farm |
| 22:11 | Build | Farm |
| 22:19 | Build | Farm |
| 22:36 | Build | Stone Wall |
| 22:37 | Build | Stone Wall |
| 22:43 | Build | Stone Wall |
| 22:46 | Build | Stone Wall |
| 22:55 | Build | Stone Wall |
| 22:58 | Build | Stone Wall |
| 23:02 | Build | Stone Wall |
| 23:09 | Build | Stone Wall |
| 23:11 | Build | Stone Wall |
| 23:15 | Build | Stone Wall |
| 23:17 | Build | Stone Wall |
| 23:21 | Build | Stone Wall |
| 23:26 | Create | Villager (Male) |
| 23:27 | Create | Villager (Male) |
| 23:27 | Create | Villager (Male) |
| 23:27 | Create | Villager (Male) |
| 23:27 | Create | Villager (Male) |
| 23:27 | Create | Villager (Male) |
| 23:27 | Create | Villager (Male) |
| 23:30 | Build | Farm |
| 23:43 | Create | Villager (Male) |
| 23:56 | Build | Farm |
| 24:01 | Build | Farm |
| 24:13 | Build | Monastery |
| 24:18 | Build | University |
| 24:35 | Research | Caravan |
| 24:37 | Create | Trade Cart ×5 |
| 24:41 | Build | Farm |
| 25:04 | Create | Monk |
| 25:13 | Create | Villager (Male) |
| 25:24 | Create | Villager (Male) ×5 |
| 25:38 | Create | Villager (Male) |
| 25:39 | Create | Villager (Male) |
| 25:39 | Create | Villager (Male) |
| 26:18 | Build | Farm |
| 26:22 | Create | Villager (Male) |
| 26:23 | Create | Villager (Male) |
| 26:23 | Create | Villager (Male) |
| 26:23 | Create | Villager (Male) |
| 26:23 | Create | Villager (Male) |
| 26:42 | Build | Farm |
| 26:50 | Create | Villager (Male) |
Build order — Blaze
First 150 of 446 actions detected
| 0:02 | Create | Villager (Male) ×4 |
| 0:03 | Create | Villager (Male) ×4 |
| 0:03 | Create | Villager (Male) ×4 |
| 0:05 | Build | House |
| 0:10 | Build | House |
| 0:12 | Build | House |
| 1:55 | Create | Villager (Male) |
| 1:55 | Create | Villager (Male) |
| 2:47 | Build | Lumber Camp |
| 2:49 | Create | Villager (Male) |
| 2:49 | Create | Villager (Male) |
| 3:07 | Create | Villager (Male) |
| 3:07 | Create | Villager (Male) |
| 3:38 | Create | Villager (Male) |
| 3:39 | Create | Villager (Male) |
| 3:57 | Create | Villager (Male) |
| 4:45 | Create | Villager (Male) |
| 4:45 | Create | Villager (Male) |
| 4:46 | Create | Villager (Male) |
| 4:46 | Create | Villager (Male) |
| 4:55 | Build | Mill |
| 4:57 | Create | Villager (Male) |
| 4:58 | Create | Villager (Male) |
| 6:00 | Create | Villager (Male) |
| 6:00 | Create | Villager (Male) |
| 6:01 | Create | Villager (Male) |
| 6:07 | Create | Villager (Male) |
| 6:08 | Create | Villager (Male) |
| 6:08 | Create | Villager (Male) |
| 6:30 | Build | House |
| 6:32 | Build | House |
| 6:34 | Build | House |
| 6:36 | Build | House |
| 6:42 | Build | House |
| 6:45 | Build | House |
| 7:09 | Create | Villager (Male) |
| 7:09 | Create | Villager (Male) |
| 7:10 | Create | Villager (Male) |
| 8:09 | Build | Lumber Camp |
| 8:24 | Create | Villager (Male) |
| 8:24 | Create | Villager (Male) |
| 8:26 | Create | Villager (Male) |
| 9:56 | Build | Mining Camp |
| 10:09 | Research | Feudal Age |
| 10:12 | Create | Villager (Male) |
| 10:12 | Create | Villager (Male) |
| 11:03 | Build | Farm |
| 11:04 | Build | Farm |
| 11:07 | Build | Farm |
| 11:09 | Build | Farm |
| 11:11 | Build | Farm |
| 12:20 | Age | Feudal Age |
| 12:23 | Build | Blacksmith |
| 13:07 | Build | Market |
| 13:56 | Research | Castle Age |
| 14:22 | Research | Horse Collar |
| 14:35 | Build | Farm |
| 14:37 | Build | Farm |
| 14:38 | Build | Farm |
| 14:39 | Build | Farm |
| 14:45 | Research | Double-Bit Axe |
| 15:20 | Build | Farm |
| 15:21 | Build | Farm |
| 16:36 | Age | Castle Age |
| 16:39 | Build | Town Center |
| 16:51 | Build | Town Center |
| 16:55 | Create | Villager (Male) |
| 16:55 | Create | Villager (Male) |
| 16:55 | Create | Villager (Male) |
| 16:58 | Research | Wheelbarrow |
| 17:01 | Research | Heavy Plow |
| 17:04 | Research | Bow Saw |
| 17:20 | Research | Loom |
| 17:29 | Build | Farm |
| 18:00 | Create | Villager (Male) |
| 18:00 | Create | Villager (Male) |
| 18:00 | Create | Villager (Male) |
| 18:04 | Create | Villager (Male) |
| 18:41 | Create | Villager (Male) |
| 18:41 | Create | Villager (Male) |
| 18:43 | Create | Villager (Male) |
| 18:43 | Create | Villager (Male) |
| 18:50 | Build | Farm |
| 19:26 | Build | Farm |
| 19:33 | Create | Villager (Male) |
| 19:34 | Create | Villager (Male) |
| 19:35 | Create | Villager (Male) |
| 19:39 | Create | Villager (Male) |
| 19:40 | Create | Villager (Male) |
| 19:43 | Build | Farm |
| 19:52 | Create | Villager (Male) |
| 20:31 | Build | Mill |
| 20:35 | Build | Farm |
| 20:36 | Build | Farm |
| 20:38 | Create | Villager (Male) |
| 20:38 | Create | Villager (Male) |
| 20:40 | Create | Villager (Male) |
| 20:41 | Create | Villager (Male) |
| 20:41 | Create | Villager (Male) |
| 20:45 | Create | Villager (Male) |
| 21:01 | Create | Villager (Male) |
| 21:12 | Build | Farm |
| 21:14 | Build | Farm |
| 21:15 | Build | Farm |
| 21:25 | Build | Farm |
| 21:34 | Create | Villager (Male) |
| 21:35 | Create | Villager (Male) |
| 21:37 | Create | Villager (Male) |
| 21:38 | Create | Villager (Male) |
| 21:38 | Create | Villager (Male) |
| 21:42 | Create | Villager (Male) |
| 21:45 | Build | Farm |
| 21:56 | Create | Villager (Male) |
| 21:58 | Create | Villager (Male) |
| 22:04 | Build | Farm |
| 22:15 | Create | Villager (Male) |
| 22:16 | Create | Villager (Male) |
| 22:19 | Create | Villager (Male) |
| 22:26 | Build | Farm |
| 22:27 | Build | Farm |
| 22:28 | Build | Farm |
| 22:29 | Build | Farm |
| 22:30 | Build | Farm |
| 22:34 | Create | Villager (Male) |
| 22:36 | Create | Villager (Male) |
| 22:38 | Create | Villager (Male) |
| 22:44 | Build | Farm |
| 22:53 | Build | Farm |
| 23:10 | Build | House |
| 23:12 | Build | House |
| 23:13 | Build | House |
| 23:15 | Build | House |
| 23:16 | Build | House |
| 23:21 | Create | Villager (Male) |
| 23:21 | Create | Villager (Male) |
| 23:23 | Create | Villager (Male) |
| 23:23 | Create | Villager (Male) |
| 23:25 | Create | Villager (Male) |
| 23:25 | Create | Villager (Male) |
| 23:26 | Create | Villager (Male) |
| 23:32 | Build | Farm |
| 23:48 | Create | Villager (Male) |
| 23:54 | Create | Villager (Male) |
| 23:54 | Create | Villager (Male) |
| 23:57 | Create | Villager (Male) |
| 23:59 | Create | Villager (Male) |
| 23:59 | Create | Villager (Male) |
| 23:59 | Create | Villager (Male) |
| 24:07 | Build | House |
| 24:08 | Build | House |
Build order — Adrian_kiss99
First 150 of 332 actions detected
| 0:21 | Build | House |
| 0:25 | Build | House |
| 0:33 | Research | Loom |
| 0:34 | Create | Villager (Male) |
| 0:35 | Create | Villager (Male) |
| 0:35 | Create | Villager (Male) |
| 0:35 | Create | Villager (Male) |
| 0:36 | Create | Villager (Male) |
| 4:05 | Create | Villager (Male) |
| 4:06 | Create | Villager (Male) |
| 4:06 | Create | Villager (Male) |
| 4:27 | Build | House |
| 5:17 | Create | Villager (Male) |
| 5:19 | Create | Villager (Male) |
| 5:25 | Create | Villager (Male) |
| 5:26 | Create | Villager (Male) |
| 7:02 | Create | Villager (Male) |
| 7:04 | Create | Villager (Male) |
| 7:48 | Create | Villager (Male) |
| 7:48 | Create | Villager (Male) |
| 8:52 | Create | Villager (Male) |
| 8:53 | Create | Villager (Male) |
| 8:57 | Create | Villager (Male) |
| 9:30 | Build | House |
| 9:46 | Build | House |
| 10:38 | Build | Mill |
| 11:07 | Research | Feudal Age |
| 11:23 | Build | House |
| 11:26 | Build | House |
| 11:29 | Build | House |
| 11:38 | Create | Villager (Male) |
| 11:39 | Create | Villager (Male) |
| 11:39 | Create | Villager (Male) |
| 11:39 | Create | Villager (Male) |
| 13:21 | Build | Mule Cart |
| 13:27 | Research | Wheelbarrow |
| 13:35 | Research | Double-Bit Axe |
| 13:51 | Create | Villager (Male) |
| 14:13 | Research | Horse Collar |
| 14:57 | Research | Stone Mining |
| 15:16 | Create | Villager (Male) |
| 15:26 | Build | Farm |
| 15:27 | Build | Farm |
| 15:27 | Build | Farm |
| 15:40 | Create | Villager (Male) |
| 16:35 | Build | Farm |
| 16:43 | Build | Farm |
| 16:51 | Build | Farm |
| 16:58 | Build | Farm |
| 17:04 | Build | Farm |
| 17:13 | Build | Farm |
| 17:13 | Build | Farm |
| 17:21 | Build | Farm |
| 17:22 | Build | Farm |
| 17:23 | Build | Farm |
| 17:28 | Create | Villager (Male) |
| 17:29 | Create | Villager (Male) |
| 17:29 | Create | Villager (Male) |
| 17:29 | Create | Villager (Male) |
| 18:14 | Build | Blacksmith |
| 18:20 | Create | Villager (Male) |
| 18:22 | Create | Villager (Male) |
| 18:23 | Create | Villager (Male) |
| 18:25 | Create | Villager (Male) |
| 18:41 | Build | Market |
| 18:49 | Create | Villager (Male) |
| 18:50 | Create | Villager (Male) |
| 19:03 | Build | Farm |
| 19:20 | Build | Barracks |
| 19:27 | Build | Farm |
| 19:35 | Create | Villager (Male) |
| 19:36 | Create | Villager (Male) |
| 19:36 | Create | Villager (Male) |
| 19:48 | Build | House |
| 19:50 | Build | House |
| 19:53 | Build | House |
| 19:55 | Build | House |
| 19:56 | Build | House |
| 20:00 | Build | House |
| 20:03 | Build | House |
| 21:15 | Build | Stable |
| 21:23 | Build | Barracks |
| 21:27 | Build | Barracks |
| 21:34 | Build | Farm |
| 21:40 | Create | Villager (Male) |
| 21:40 | Create | Villager (Male) |
| 21:42 | Create | Villager (Male) |
| 21:50 | Create | Trade Cart |
| 22:12 | Research | Arson |
| 22:18 | Create | Spearman |
| 22:19 | Create | Spearman |
| 22:20 | Create | Spearman |
| 22:21 | Create | Spearman |
| 22:22 | Create | Spearman |
| 22:52 | Build | Mule Cart |
| 23:24 | Research | Castle Age |
| 23:56 | Build | House |
| 23:57 | Build | House |
| 24:04 | Build | House |
| 24:06 | Build | House |
| 24:07 | Build | House |
| 24:09 | Build | House |
| 24:17 | Research | Scale Barding Armor |
| 24:19 | Research | Forging |
| 24:25 | Research | Scale Mail Armor |
| 24:37 | Create | Spearman ×5 |
| 26:19 | Research | Hand Cart |
| 26:19 | Create | Villager (Male) |
| 26:20 | Create | Villager (Male) |
| 26:20 | Create | Villager (Male) |
| 26:20 | Create | Villager (Male) |
| 26:21 | Create | Villager (Male) |
| 26:34 | Research | Heavy Plow |
| 26:54 | Research | Gold Mining |
| 27:28 | Build | Castle |
| 27:41 | Research | Chain Barding Armor |
| 28:41 | Research | Bloodlines |
| 28:45 | Research | Husbandry |
| 29:12 | Research | Coinage |
| 29:16 | Create | Trade Cart |
| 29:18 | Create | Trade Cart |
| 29:19 | Create | Trade Cart |
| 29:19 | Create | Trade Cart |
| 29:50 | Research | Pikeman (upgrade) |
| 30:19 | Build | Monastery |
| 31:53 | Create | Villager (Male) ×5 |
| 31:53 | Create | Villager (Male) ×5 |
| 31:54 | Create | Villager (Male) ×5 |
| 32:02 | Research | Bow Saw |
| 33:04 | Build | Mule Cart |
| 33:20 | Research | Iron Casting |
| 33:33 | Research | Svan Towers |
| 33:35 | Create | Monaspa |
| 34:05 | Build | Mule Cart |
| 34:40 | Create | Monk |
| 35:27 | Research | Stone Shaft Mining |
| 35:32 | Research | Chain Mail Armor |
| 36:00 | Build | Farm |
| 36:02 | Build | Farm |
| 36:20 | Create | Monaspa |
| 36:21 | Create | Monaspa |
| 36:22 | Create | Monaspa |
| 36:23 | Create | Monaspa |
| 36:25 | Create | Monaspa |
| 36:26 | Create | Monaspa |
| 36:48 | Build | Town Center |
| 37:23 | Create | Monaspa |
| 37:24 | Create | Monaspa |
| 37:24 | Create | Monaspa |
| 37:25 | Create | Monaspa |
Build order — trauk25
First 150 of 268 actions detected
| 0:10 | Build | House |
| 0:13 | Create | Villager (Male) |
| 0:14 | Create | Villager (Male) |
| 0:14 | Create | Villager (Male) |
| 0:14 | Create | Villager (Male) |
| 0:14 | Create | Villager (Male) |
| 0:15 | Create | Villager (Male) |
| 0:20 | Build | House |
| 0:25 | Build | House |
| 0:27 | Build | House |
| 3:02 | Create | Villager (Male) |
| 3:02 | Create | Villager (Male) |
| 3:02 | Create | Villager (Male) |
| 3:03 | Create | Villager (Male) |
| 3:03 | Create | Villager (Male) |
| 3:46 | Create | Villager (Male) |
| 4:54 | Create | Villager (Male) |
| 5:38 | Create | Villager (Male) |
| 5:38 | Create | Villager (Male) |
| 5:39 | Create | Villager (Male) |
| 6:56 | Create | Villager (Male) |
| 6:56 | Create | Villager (Male) |
| 6:57 | Create | Villager (Male) |
| 6:57 | Create | Villager (Male) |
| 6:58 | Create | Villager (Male) |
| 7:44 | Build | Lumber Camp |
| 7:59 | Create | Villager (Male) |
| 9:23 | Create | Villager (Male) |
| 9:23 | Create | Villager (Male) |
| 9:24 | Create | Villager (Male) |
| 9:49 | Build | Mill |
| 10:02 | Build | House |
| 10:07 | Build | House |
| 10:16 | Research | Feudal Age |
| 10:22 | Research | Feudal Age |
| 10:39 | Build | Mining Camp |
| 12:18 | Create | Villager (Male) |
| 12:19 | Create | Villager (Male) |
| 12:20 | Create | Villager (Male) |
| 12:21 | Create | Villager (Male) |
| 12:22 | Create | Villager (Male) |
| 12:23 | Create | Villager (Male) |
| 12:48 | Research | Horse Collar |
| 12:50 | Research | Double-Bit Axe |
| 14:10 | Build | Mining Camp |
| 15:03 | Build | Farm |
| 15:04 | Build | Farm |
| 15:05 | Build | Farm |
| 15:08 | Build | Farm |
| 15:08 | Build | Farm |
| 15:09 | Build | Farm |
| 15:10 | Build | Farm |
| 15:11 | Build | Farm |
| 15:12 | Build | Farm |
| 15:13 | Build | Farm |
| 15:14 | Build | Farm |
| 16:06 | Build | Farm |
| 16:09 | Build | Farm |
| 16:18 | Create | Villager (Male) |
| 16:19 | Create | Villager (Male) |
| 16:19 | Create | Villager (Male) |
| 16:19 | Create | Villager (Male) |
| 16:20 | Create | Villager (Male) |
| 16:21 | Create | Villager (Male) |
| 16:29 | Research | Stone Mining |
| 16:32 | Research | Gold Mining |
| 17:36 | Research | Loom |
| 17:40 | Create | Villager (Male) |
| 17:40 | Create | Villager (Male) |
| 17:41 | Create | Villager (Male) |
| 19:40 | Build | Donjon |
| 20:00 | Build | Market |
| 20:07 | Create | Villager (Male) |
| 20:07 | Create | Villager (Male) |
| 20:42 | Build | House |
| 20:43 | Build | House |
| 20:44 | Build | House |
| 21:24 | Build | Donjon |
| 22:05 | Build | Stone Wall |
| 22:13 | Build | Stone Wall |
| 22:20 | Build | Building 665 |
| 22:30 | Build | Blacksmith |
| 22:53 | Build | Stone Wall |
| 23:18 | Build | Stone Wall |
| 23:23 | Build | Building 490 |
| 23:42 | Build | Stone Wall |
| 23:51 | Build | Building 490 |
| 24:13 | Research | Castle Age |
| 25:31 | Build | Stone Wall |
| 25:46 | Build | Building 487 |
| 26:17 | Build | Stone Wall |
| 26:25 | Build | Building 673 |
| 26:56 | Build | Building 490 |
| 27:24 | Research | Forging |
| 27:25 | Research | Scale Mail Armor |
| 27:40 | Research | Wheelbarrow |
| 27:49 | Research | Gold Shaft Mining |
| 27:52 | Research | Heavy Plow |
| 27:57 | Research | Bow Saw |
| 28:02 | Research | Stone Shaft Mining |
| 28:07 | Create | Villager (Male) |
| 28:08 | Create | Villager (Male) |
| 28:08 | Create | Villager (Male) |
| 28:09 | Create | Villager (Male) |
| 29:12 | Build | Castle |
| 29:41 | Build | Farm |
| 30:07 | Create | Villager (Male) |
| 30:07 | Create | Villager (Male) |
| 30:07 | Create | Villager (Male) |
| 30:08 | Create | Villager (Male) |
| 30:09 | Create | Villager (Male) |
| 30:10 | Create | Villager (Male) |
| 30:10 | Create | Villager (Male) |
| 30:18 | Build | Farm |
| 30:25 | Create | Trade Cart |
| 30:25 | Create | Trade Cart |
| 30:25 | Create | Trade Cart |
| 30:26 | Create | Trade Cart |
| 30:26 | Create | Trade Cart |
| 31:24 | Build | University |
| 32:12 | Build | Mining Camp |
| 32:48 | Build | Farm |
| 32:50 | Build | Farm |
| 33:09 | Research | Chain Mail Armor |
| 33:18 | Research | Imperial Age |
| 34:02 | Build | Farm |
| 34:41 | Research | Masonry |
| 34:57 | Create | Trade Cart |
| 35:00 | Research | Iron Casting |
| 35:59 | Build | Siege Workshop |
| 36:15 | Create | Villager (Male) |
| 36:18 | Research | Hand Cart |
| 36:47 | Research | Caravan |
| 37:02 | Build | Mining Camp |
| 37:16 | Build | Castle |
| 37:26 | Create | Battering Ram |
| 37:27 | Create | Battering Ram |
| 38:07 | Research | Coinage |
| 38:38 | Research | Elite Serjeant (upgrade) |
| 39:08 | Build | Donjon |
| 39:38 | Research | Plate Mail Armor |
| 39:49 | Research | Blast Furnace |
| 40:03 | Create | Serjeant |
| 40:03 | Create | Serjeant |
| 40:03 | Create | Serjeant |
| 40:03 | Create | Serjeant |
| 40:04 | Create | Serjeant |
| 41:15 | Create | Serjeant |
| 41:15 | Create | Serjeant |
| 41:15 | Create | Serjeant |
Match timeline
| 10:13 | alex02052013 · age_up feudal |
| 11:10 | SYPlay · age_up feudal |
| 11:41 | Frenzy · age_up feudal |
| 12:20 | Blaze · age_up feudal |
| 13:06 | Frenzy · first_building Barracks |
| 13:07 | K4T#1 · age_up feudal |
| 14:27 | Frenzy · first_building Stable |
| 14:50 | gozth1000 · age_up feudal |
| 15:56 | Frenzy · first_building Siege Workshop |
| 16:36 | SYPlay · wall_segment Stone Wall x13 |
| 16:36 | Blaze · age_up castle |
| 16:43 | SYPlay · wall_segment Stone Wall x3 |
| 16:44 | SYPlay · wall_segment Stone Wall x1 |
| 16:46 | SYPlay · wall_segment Stone Wall x3 |
| 16:50 | SYPlay · wall_segment Stone Wall x5 |
| 16:58 | SYPlay · wall_segment Stone Wall x4 |
| 17:04 | SYPlay · wall_segment Stone Wall x5 |
| 17:07 | SYPlay · wall_segment Stone Wall x2 |
| 17:28 | alex02052013 · age_up castle |
| 19:14 | alex02052013 · wall_segment Palisade Wall x23 |
| 19:20 | Adrian_kiss99 · first_building Barracks |
| 19:32 | SYPlay · age_up castle |
| 19:40 | trauk25 · first_building Donjon |
| 21:15 | Adrian_kiss99 · first_building Stable |
| 21:25 | K4T#1 · age_up castle |
| 21:38 | Frenzy · wall_segment Palisade Wall x10 |
| 22:05 | trauk25 · wall_segment Stone Wall x1 |
| 22:13 | trauk25 · wall_segment Stone Wall x8 |
| 22:20 | Frenzy · wall_segment Palisade Wall x6 |
| 22:36 | SYPlay · wall_segment Stone Wall x2 |
| 22:37 | SYPlay · wall_segment Stone Wall x1 |
| 22:43 | SYPlay · wall_segment Stone Wall x9 |
| 22:46 | SYPlay · wall_segment Stone Wall x3 |
| 22:53 | trauk25 · wall_segment Stone Wall x1 |
| 22:55 | SYPlay · wall_segment Stone Wall x4 |
| 22:58 | SYPlay · wall_segment Stone Wall x1 |
| 23:02 | SYPlay · wall_segment Stone Wall x6 |
| 23:09 | SYPlay · wall_segment Stone Wall x4 |
| 23:11 | SYPlay · wall_segment Stone Wall x3 |
| 23:15 | SYPlay · wall_segment Stone Wall x3 |
| 23:17 | SYPlay · wall_segment Stone Wall x3 |
| 23:18 | trauk25 · wall_segment Stone Wall x7 |
| 23:21 | SYPlay · wall_segment Stone Wall x3 |
| 23:28 | alex02052013 · first_building Monastery |
| 23:42 | trauk25 · wall_segment Stone Wall x16 |
| 23:53 | alex02052013 · first_building Castle |
| 24:03 | K4T#1 · first_building Castle |
| 24:13 | SYPlay · first_building Monastery |
| 24:45 | Frenzy · wall_segment Palisade Wall x1 |
| 25:31 | trauk25 · wall_segment Stone Wall x10 |
| 26:17 | trauk25 · wall_segment Stone Wall x17 |
| 27:15 | gozth1000 · age_up castle |
| 27:28 | SYPlay · first_market_buy 100 food |
| 27:28 | Adrian_kiss99 · first_building Castle |
| 27:33 | SYPlay · first_market_sell 500 food |
| 28:07 | SYPlay · first_building Castle |
| 28:14 | trauk25 · first_market_buy 100 stone |
| 28:20 | trauk25 · first_market_sell 100 wood |
| 28:51 | gozth1000 · first_building Castle |
| 29:12 | trauk25 · first_building Castle |
| 29:37 | alex02052013 · first_building Barracks |
| 29:59 | Blaze · wall_segment Stone Wall x41 |
| 30:03 | alex02052013 · first_market_sell 100 wood |
| 30:12 | Blaze · first_building Monastery |
| 30:17 | Frenzy · age_up castle |
| 30:19 | Adrian_kiss99 · first_building Monastery |
| 30:35 | SYPlay · wall_segment Stone Wall x1 |
| 30:38 | SYPlay · wall_segment Stone Wall x1 |
| 30:45 | SYPlay · wall_segment Stone Wall x1 |
| 30:45 | alex02052013 · first_building Stable |
| 30:47 | SYPlay · wall_segment Stone Wall x1 |
| 30:50 | SYPlay · wall_segment Stone Wall x1 |
| 30:54 | SYPlay · wall_segment Stone Wall x1 |
| 30:58 | Blaze · first_building Barracks |
| 31:33 | K4T#1 · age_up imperial |
| 31:36 | Blaze · first_building Stable |
| 31:57 | gozth1000 · first_market_buy 100 wood |
| 32:41 | SYPlay · first_building Barracks |
| 33:21 | SYPlay · first_building Stable |
| 33:45 | alex02052013 · age_up imperial |
| 34:02 | Frenzy · first_building Castle |
| 35:13 | Blaze · first_building Archery Range |
| 35:28 | Frenzy · first_building Monastery |
| 35:39 | Blaze · first_building Castle |
| 35:41 | SYPlay · age_up imperial |
| 35:59 | trauk25 · first_building Siege Workshop |
| 36:11 | Frenzy · first_building Archery Range |
| 36:54 | Blaze · age_up imperial |
| 37:12 | gozth1000 · wall_segment Stone Wall x2 |
| 37:39 | gozth1000 · wall_segment Stone Wall x46 |
| 38:58 | K4T#1 · first_building Stable |
| 39:55 | Blaze · wall_segment Stone Wall x5 |
| 40:07 | Blaze · wall_segment Stone Wall x11 |
| 40:21 | Blaze · wall_segment Stone Wall x21 |
| 40:28 | SYPlay · first_building Siege Workshop |
| 40:29 | alex02052013 · first_building Siege Workshop |
| 41:08 | gozth1000 · age_up imperial |
| 43:51 | Frenzy · age_up imperial |
| 46:09 | Blaze · wall_segment Stone Wall x18 |
| 47:40 | Blaze · wall_segment Stone Wall x1 |
| 50:31 | trauk25 · wall_segment Stone Wall x1 |
| 57:09 | gozth1000 · tribute_sent a jugador 1 |
| 57:09 | gozth1000 · tribute_sent a jugador 2 |
| 57:09 | gozth1000 · tribute_sent a jugador 3 |
| 57:09 | gozth1000 · tribute_sent a jugador 5 |
| 57:09 | gozth1000 · tribute_sent a jugador 6 |
| 57:09 | gozth1000 · tribute_sent a jugador 7 |
| 57:09 | gozth1000 · tribute_sent a jugador 8 |
| 58:38 | Blaze · tribute_sent a jugador 1 |
| 58:38 | Blaze · tribute_sent a jugador 2 |
| 58:38 | Blaze · tribute_sent a jugador 3 |
| 58:38 | Blaze · tribute_sent a jugador 4 |
| 58:38 | Blaze · tribute_sent a jugador 5 |
| 58:38 | Blaze · tribute_sent a jugador 7 |
| 58:38 | Blaze · tribute_sent a jugador 8 |
| 59:42 | K4T#1 · first_building Barracks |
| 59:54 | K4T#1 · first_building Siege Workshop |
| 64:32 | gozth1000 · wall_segment Stone Wall x10 |
| 64:51 | gozth1000 · wall_segment Stone Wall x4 |
| 69:13 | trauk25 · resign |
| 72:03 | SYPlay · wall_segment Stone Wall x8 |
| 72:06 | SYPlay · wall_segment Stone Wall x9 |
| 72:13 | SYPlay · wall_segment Stone Wall x5 |
| 72:30 | Blaze · tribute_sent a jugador 1 |
| 72:30 | Blaze · tribute_sent a jugador 2 |
| 72:30 | Blaze · tribute_sent a jugador 3 |
| 72:30 | Blaze · tribute_sent a jugador 4 |
| 72:30 | Blaze · tribute_sent a jugador 5 |
| 72:30 | Blaze · tribute_sent a jugador 7 |
| 72:30 | Blaze · tribute_sent a jugador 8 |
[ AI ANALYSIS · 1 CREDIT ]
What really happened in this match?
Wolo.gg analyzes every decision: build order, eco, micro, common mistakes by bracket. Personalized analysis on WhatsApp or Discord in 30 seconds.
Civ guide
Mongols
Map guide
Lombardia
Perfil
Jugador #21397534